Sarnia Sailors vs Rock Island Raccoons
Created - Friday, February 28, 2025 at 08:53
Goals
|
| Sarnia Sailors |
0 |
3 |
1 |
4 |
| Rock Island Raccoons |
1 |
3 |
1 |
5 |
|
Shots
|
| Sarnia Sailors |
10 |
16 |
7 |
33 |
| Rock Island Raccoons |
10 |
15 |
18 |
43 |
|
1st period
1. Rock Island Raccoons , Jujhar Khaira 12 (Tyler Motte 7) at 11:51
Penalties :
Jujhar Khaira (RIR) for Holding (Minor) at 0:22, Kyle Burroughs (RIR) for Hooking (Minor) at 12:01
2nd period
2. Sarnia Sailors , Arthur Kaliyev 29 (Vasili Podkolzin 3, Jamie Drysdale 23) at 0:12
3. Rock Island Raccoons , Filip Chytil 1 (Eric Robinson 6, Craig Smith 20) at 4:36
4. Rock Island Raccoons , Michael Pezzetta 7 (Ryan Carpenter 16, Phillip Di Giuseppe 6) at 8:12 (PP)
5. Sarnia Sailors , Samuel Walker 15 (Arthur Kaliyev 28, Brad Lambert 36) at 10:45 (PP)
6. Rock Island Raccoons , Craig Smith 16 (Justin Schultz 8, Jujhar Khaira 12) at 16:12 (PP)
7. Sarnia Sailors , Brad Lambert 15 (Jamie Drysdale 24, Arthur Kaliyev 29) at 16:20
Penalties :
Jujhar Khaira (RIR) for High sticking (Minor) at 0:39, Arthur Kaliyev (SAR) for High sticking (Minor) at 8:05, Phillip Di Giuseppe (RIR) for Hooking (Minor) at 10:35, Vasili Podkolzin (SAR) for Holding (Minor) at 10:54, Jett Woo (SAR) for Roughing (Minor) at 15:31, Kyle Burroughs (RIR) for Cross-checking (Minor) at 19:23
3rd period
8. Rock Island Raccoons , Ryan Carpenter 13 (Jujhar Khaira 13) at 0:08 (SH)
9. Sarnia Sailors , Logan Morrison 9 (Jesse Puljujarvi 11, Vasili Podkolzin 4) at 10:47 (PP)
Penalties :
Michael Pezzetta (RIR) for Slashing (Minor) at 6:23, Jack Rathbone (SAR) for Roughing (Minor) at 7:10, Kyle Burroughs (RIR) for Tripping (Minor) at 10:11, Declan Chisholm (SAR) for Holding (Minor) at 10:56, Michael Pezzetta (RIR) for High sticking (Minor) at 11:23, Declan Chisholm (SAR) for Goalie Interference (Minor) at 15:11
Goalie Stats
Remi Poirier (SAR), 38 saves from 43 shots - (0.884), L, 5-2-1, 58:34 minutes
Alex Lyon (RIR), 29 saves from 33 shots - (0.879), W, 10-5-0, 60:00 minutes
Players Stats for Sarnia Sailors
Player Name G A P +/- PIM S H SB GA TA FO MP PP MP PK MP
------------------------------------------------------------------------------------
0 0 0 0 0 0 0 0 0 0 0/0 0:00 0:00 0:00
Adam Erne 0 0 0 0 0 2 2 0 1 1 0/0 13:23 0:03 3:34
Arthur Kaliyev 1 2 3 0 2 6 1 1 2 0 1/3 20:47 5:52 0:00
Brad Lambert 1 1 2 0 0 3 3 2 0 0 18/34 21:41 5:52 1:10
Cole Reinhardt 0 0 0 0 0 1 1 0 0 0 0/1 9:45 0:02 0:00
Declan Chisholm 0 0 0 0 4 2 0 2 1 0 0/0 25:11 5:34 2:15
Jack Rathbone 0 0 0 0 2 0 0 2 0 2 0/0 20:14 4:13 1:23
Jamie Drysdale 0 2 2 1 0 5 1 0 0 1 0/0 28:58 5:32 3:56
Jesse Puljujarvi 0 1 1 -1 0 4 1 0 2 1 0/0 16:05 3:56 0:10
Jett Woo 0 0 0 -1 2 0 2 3 1 1 0/0 17:32 4:14 0:00
Landon Slaggert 0 0 0 0 0 2 0 0 0 0 0/1 8:20 0:00 1:16
Logan Morrison 1 0 1 0 0 2 2 1 1 0 5/12 17:06 4:00 3:24
Lucas Edmonds 0 0 0 0 0 0 0 0 0 1 0/0 9:18 0:08 1:00
Philippe Myers 0 0 0 -1 0 1 6 1 0 0 0/0 14:11 0:10 2:21
Rory Kerins 0 0 0 0 0 2 1 0 1 1 0/1 6:48 0:00 0:00
Samuel Walker 1 0 1 -2 0 3 4 2 0 0 0/0 16:52 5:52 0:00
Tristen Nielsen 0 0 0 -1 0 0 1 1 0 0 3/7 13:22 0:02 1:26
Tyson Hinds 0 0 0 -1 0 0 0 0 0 1 0/0 14:08 0:10 2:05
Vasili Podkolzin 0 2 2 1 2 0 2 2 0 0 1/2 17:29 3:59 0:00
Players Stats for Rock Island Raccoons
Player Name G A P +/- PIM S H SB GA TA FO MP PP MP PK MP
------------------------------------------------------------------------------------
0 0 0 0 0 0 0 0 0 0 0/0 0:00 0:00 0:00
AJ Greer 0 0 0 0 0 1 1 0 0 1 3/3 14:18 0:45 1:49
Craig Smith 1 1 2 0 0 5 1 0 1 1 3/7 24:04 3:00 4:48
Darren Helm 0 0 0 0 0 1 1 1 0 1 0/0 10:56 0:23 0:00
Donovan Sebrango 0 0 0 1 0 2 1 1 0 0 0/0 12:56 0:33 1:01
Eric Robinson 0 1 1 1 0 1 0 1 0 0 0/0 13:20 0:00 0:00
Erik Gustafsson 0 0 0 -1 0 3 1 1 0 0 0/0 26:53 2:13 6:10
Filip Chytil 1 0 1 2 0 1 0 0 1 0 2/3 8:32 0:57 1:07
Jan Mysak 0 0 0 0 0 0 0 0 0 0 0/0 1:59 0:40 0:00
Jujhar Khaira 1 2 3 1 4 5 2 1 1 0 12/23 19:42 1:59 2:48
Justin Schultz 0 1 1 1 0 2 0 0 1 0 0/0 22:48 3:14 4:51
Karl Henriksson 0 0 0 1 0 0 0 0 0 0 3/4 5:06 0:00 0:00
Kyle Burroughs 0 0 0 -1 6 2 1 3 1 2 0/0 24:05 2:13 3:23
Marco Scandella 0 0 0 1 0 2 1 0 1 1 0/0 22:21 3:14 4:27
Michael Pezzetta 1 0 1 -1 4 8 2 1 1 0 0/1 14:50 2:46 0:00
Phillip Di Giuseppe 0 1 1 -1 2 1 1 0 1 0 0/0 13:26 2:50 0:00
Pontus Holmberg 0 0 0 0 0 0 2 0 0 0 3/8 10:32 0:00 0:00
Ryan Carpenter 1 1 2 0 0 6 3 0 1 0 3/8 20:11 2:11 4:32
Tyler Motte 0 1 1 0 0 3 1 0 0 3 4/4 21:13 3:01 4:48
3 Stars
1 - Ryan Carpenter (RIR)
2 - Brad Lambert (SAR)
3 - Jujhar Khaira (RIR)
Power Play
Sarnia Sailors - 2 on 8 Attempt(s) - 25.00%
Rock Island Raccoons - 2 on 6 Attempt(s) - 33.33%
Penalty Kill
Sarnia Sailors - 4 on 6 Attempt(s) - 66.67%
- Score 0 goal in Penalty Kill
Rock Island Raccoons - 6 on 8 Attempt(s) - 75.00%
- Score 1 goal in Penalty Kill
Team Stat
Sarnia Sailors - Hits : 27 - Faceoff Wins : 28 - Blocked Shots : 17 - Penalty Minutes : 12
Rock Island Raccoons - Hits : 18 - Faceoff Wins : 33 - Blocked Shots : 9 - Penalty Minutes : 16
Official
Referees : Tom Chmielewski and Marc Joannette
Linesman : Joseph Mahon and Kilian McNamara
Game Notes
6:26 of 2nd period - Rock Island Raccoons goal is going for a video replay. After video review, No Goal. The puck has been directed, batted or thrown into the net by an attacking player other than with a stick.
16:20 of 2nd period - Sarnia Sailors goal is going for a video replay. After video review, Goal.
Sarnia Sailors
5 vs 5 Forward
Center Left Wing Right Wing Time % Phy DF OF
1 Brad Lambert Vasili Podkolzin Arthur Kaliyev 40 2 1 2
2 Tristen Nielsen Samuel Walker Jesse Puljujarvi 30 2 1 2
3 Logan Morrison Adam Erne Cole Reinhardt 20 1 2 2
4 Rory Kerins Landon Slaggert Lucas Edmonds 10 2 1 2
5 vs 5 Defense
Defense Defense Time % Phy DF OF
1 Jamie Drysdale Declan Chisholm 40 1 2 2
2 Jett Woo Jack Rathbone 30 2 1 2
3 Tyson Hinds Philippe Myers 20 2 2 1
4 Jamie Drysdale Jack Rathbone 10 1 2 2
PowerPlay Forward
Center Left Wing Right Wing Time % Phy DF OF
1 Brad Lambert Samuel Walker Arthur Kaliyev 60 0 1 4
2 Logan Morrison Vasili Podkolzin Jesse Puljujarvi 40 0 1 4
PowerPlay Defense
Defense Defense Time % Phy DF OF
1 Jamie Drysdale Declan Chisholm 60 1 1 3
2 Jett Woo Jack Rathbone 40 2 1 2
Penalty Kill 4 Players Forward
Center Wing Time % Phy DF OF
1 Logan Morrison Adam Erne 60 2 2 1
2 Tristen Nielsen Landon Slaggert 40 2 2 1
Penalty Kill 4 Players Defense
Defense Defense Time % Phy DF OF
1 Jamie Drysdale Declan Chisholm 60 2 1 2
2 Philippe Myers Jack Rathbone 40 2 2 1
Penalty Kill - 3 Players Forward
Forward Time % Phy DF OF
1 Logan Morrison 60 2 2 1
2 Tristen Nielsen 40 2 2 1
Penalty Kill - 3 Players Defense
Defense Defense Time % Phy DF OF
1 Jamie Drysdale Declan Chisholm 60 2 1 2
2 Philippe Myers Jack Rathbone 40 2 2 1
4 vs 4 Forward
Center Wing Time % Phy DF OF
1 Brad Lambert Arthur Kaliyev 60 2 1 2
2 Tristen Nielsen Jesse Puljujarvi 40 2 1 2
4 vs 4 Defense
Defense Defense Time % Phy DF OF
1 Jamie Drysdale Declan Chisholm 60 1 2 2
2 Tyson Hinds Philippe Myers 40 2 1 2
Last Minutes Offensive
Center Left Wing Right Wing Defense Defense
Brad Lambert Vasili Podkolzin Arthur Kaliyev Jamie Drysdale Jack Rathbone
Last Minutes Defensive
Center Left Wing Right Wing Defense Defense
Brad Lambert Vasili Podkolzin Arthur Kaliyev Jamie Drysdale Jack Rathbone
Goaltenders
Starting : Remi Poirier
Backup : Sebastian Cossa
Extra Forwards
Normal : Logan Morrison, Lucas Edmonds, Brad Lambert - PP : Logan Morrison, Lucas Edmonds - PK : Logan Morrison
Extra Defensemen
Normal : Tyson Hinds, Philippe Myers, Jamie Drysdale - PP : Tyson Hinds - PK : Tyson Hinds, Philippe Myers
Penalty Shots
Brad Lambert, Samuel Walker, Arthur Kaliyev, Tristen Nielsen, Jesse Puljujarvi
Scratches
Adam Ginning (Healthy), Daniel Torgersson (Healthy), Tyler Boucher (Healthy), Antti Saarela (Healthy), Dylan Ferguson (Healthy)
Rock Island Raccoons
5 vs 5 Forward
Center Left Wing Right Wing Time % Phy DF OF
1 Jujhar Khaira Tyler Motte Craig Smith 30 1 2 2
2 Ryan Carpenter Phillip Di Giuseppe Michael Pezzetta 30 1 2 2
3 Pontus Holmberg AJ Greer Darren Helm 25 1 2 2
4 Karl Henriksson Eric Robinson Craig Smith 15 1 2 2
5 vs 5 Defense
Defense Defense Time % Phy DF OF
1 Kyle Burroughs Erik Gustafsson 30 1 2 2
2 Justin Schultz Marco Scandella 30 1 2 2
3 Donovan Sebrango Eric Robinson 25 1 2 2
4 Kyle Burroughs Erik Gustafsson 15 1 2 2
PowerPlay Forward
Center Left Wing Right Wing Time % Phy DF OF
1 Jujhar Khaira Tyler Motte Craig Smith 50 1 2 2
2 Ryan Carpenter Phillip Di Giuseppe Michael Pezzetta 50 1 2 2
PowerPlay Defense
Defense Defense Time % Phy DF OF
1 Kyle Burroughs Erik Gustafsson 50 1 2 2
2 Justin Schultz Marco Scandella 50 1 2 2
Penalty Kill 4 Players Forward
Center Wing Time % Phy DF OF
1 Craig Smith Tyler Motte 50 1 2 2
2 Jujhar Khaira Ryan Carpenter 50 1 2 2
Penalty Kill 4 Players Defense
Defense Defense Time % Phy DF OF
1 Kyle Burroughs Erik Gustafsson 50 1 2 2
2 Justin Schultz Marco Scandella 50 1 2 2
Penalty Kill - 3 Players Forward
Forward Time % Phy DF OF
1 Craig Smith 50 1 2 2
2 Tyler Motte 50 1 2 2
Penalty Kill - 3 Players Defense
Defense Defense Time % Phy DF OF
1 Kyle Burroughs Erik Gustafsson 50 1 2 2
2 Justin Schultz Marco Scandella 50 1 2 2
4 vs 4 Forward
Center Wing Time % Phy DF OF
1 Craig Smith Tyler Motte 50 1 2 2
2 Jujhar Khaira Ryan Carpenter 50 1 2 2
4 vs 4 Defense
Defense Defense Time % Phy DF OF
1 Kyle Burroughs Erik Gustafsson 50 1 2 2
2 Justin Schultz Marco Scandella 50 1 2 2
Last Minutes Offensive
Center Left Wing Right Wing Defense Defense
Jujhar Khaira Tyler Motte Craig Smith Kyle Burroughs Erik Gustafsson
Last Minutes Defensive
Center Left Wing Right Wing Defense Defense
Jujhar Khaira Tyler Motte Craig Smith Kyle Burroughs Erik Gustafsson
Goaltenders
Starting : Alex Lyon
Backup : Ilya Samsonov
Extra Forwards
Normal : Filip Chytil, Jan Mysak, AJ Greer - PP : Filip Chytil, Jan Mysak - PK : AJ Greer
Extra Defensemen
Normal : Donovan Sebrango, Justin Schultz, Marco Scandella - PP : Donovan Sebrango - PK : Justin Schultz, Marco Scandella
Penalty Shots
Craig Smith, Tyler Motte, Jujhar Khaira, Ryan Carpenter, Michael Pezzetta
Scratches
Ronan Seeley (Healthy), Logan Stanley (Healthy), Brandon Coe (Healthy), Casey DeSmith (Healthy)
% Time on Ice - Sarnia Sailors
Lines # - Real PCT - Wanted PCT - Time Play
Normal Forward
1 - 33% - 40% - 13:09
2 - 28% - 30% - 11:23
3 - 22% - 20% - 8:55
4 - 17% - 10% - 6:48
Normal Defense
1 - 40% - 40% - 16:17
2 - 33% - 30% - 13:20
3 - 25% - 20% - 9:58
4 - 2% - 10% - 0:40
PP Forward
1 - 59% - 60% - 5:54
2 - 41% - 40% - 4:02
PP Defense
1 - 57% - 60% - 5:42
2 - 43% - 40% - 4:14
PK Forward
1 - 76% - 60% - 4:34
2 - 24% - 40% - 1:26
PK Defense
1 - 78% - 60% - 4:41
2 - 22% - 40% - 1:19
PK3 Forward
1 - 0% - 60%
2 - 0% - 40%
PK3 Defense
1 - 0% - 60%
2 - 0% - 40%
44 Forward
1 - 67% - 60% - 1:50
2 - 33% - 40% - 0:54
44 Defense
1 - 85% - 60% - 2:20
2 - 15% - 40% - 0:24
Last Minute Offensive - 1:05
Last Minute Defensive - 0:00
Total
Forward - 60:00
Defense - 60:00
|
% Time on Ice - Rock Island Raccoons
Lines # - Real PCT - Wanted PCT - Time Play
Normal Forward
1 - 28% - 30% - 11:13
2 - 34% - 30% - 13:49
3 - 25% - 25% - 10:10
4 - 13% - 15% - 5:06
Normal Defense
1 - 31% - 30% - 12:22
2 - 33% - 30% - 13:16
3 - 28% - 25% - 11:06
4 - 9% - 15% - 3:34
PP Forward
1 - 53% - 50% - 3:10
2 - 47% - 50% - 2:50
PP Defense
1 - 46% - 50% - 2:46
2 - 54% - 50% - 3:14
PK Forward
1 - 50% - 50% - 4:58
2 - 50% - 50% - 4:58
PK Defense
1 - 62% - 50% - 6:10
2 - 38% - 50% - 3:46
PK3 Forward
1 - 0% - 50%
2 - 0% - 50%
PK3 Defense
1 - 0% - 50%
2 - 0% - 50%
44 Forward
1 - 49% - 50% - 1:21
2 - 51% - 50% - 1:23
44 Defense
1 - 47% - 50% - 1:17
2 - 53% - 50% - 1:27
Last Minute Offensive - 0:00
Last Minute Defensive - 1:02
Total
Forward - 60:00
Defense - 60:00
|
Play-by-Play
1st period
0:01 of 1st period - Brad Lambert wins face-off versus Jujhar Khaira in neutral zone.
0:08 of 1st period - Slapshot by Craig Smith.
0:08 of 1st period - Shot Misses the Net.
0:22 of 1st period - Minor Penalty to Jujhar Khaira for Holding.
0:23 of 1st period - Craig Smith wins face-off versus Arthur Kaliyev in Rock Island Raccoons zone.
0:23 of 1st period - Craig Smith is hit by Samuel Walker.
2:22 of 1st period - Penalty to Jujhar Khaira is over, Jujhar Khaira is back on ice.
2:26 of 1st period - Kyle Burroughs is hit by Adam Erne and loses puck.
2:31 of 1st period - Snap shot by Adam Erne.
2:31 of 1st period - Stopped by Alex Lyon with a rebound.
2:37 of 1st period - Adam Erne is hit by Jujhar Khaira and loses puck.
2:42 of 1st period - Wrist shot by Jujhar Khaira.
2:42 of 1st period - Shot Hit the Post.
2:44 of 1st period - Slapshot by Erik Gustafsson.
2:44 of 1st period - Shot Misses the Net.
2:46 of 1st period - Slapshot by Erik Gustafsson.
2:46 of 1st period - Shot Misses the Net.
2:48 of 1st period - Slapshot by AJ Greer.
2:48 of 1st period - Shot Misses the Net.
2:50 of 1st period - Slapshot by Kyle Burroughs.
2:50 of 1st period - Stopped by Remi Poirier with a rebound.
2:57 of 1st period - Icing by Lucas Edmonds.
2:58 of 1st period - Karl Henriksson wins face-off versus Cole Reinhardt in Sarnia Sailors zone.
3:01 of 1st period - Wrist shot by Karl Henriksson.
3:01 of 1st period - Shot Misses the Net.
3:03 of 1st period - Slapshot by Craig Smith.
3:03 of 1st period - Stopped by Remi Poirier with a rebound.
3:05 of 1st period - Snap shot by Eric Robinson.
3:05 of 1st period - Stopped by Remi Poirier with a rebound.
3:07 of 1st period - Slapshot by Donovan Sebrango.
3:07 of 1st period - Stopped by Remi Poirier with a rebound.
3:09 of 1st period - Wrist shot by Craig Smith.
3:09 of 1st period - Stopped by Remi Poirier without a rebound.
3:10 of 1st period - Tristen Nielsen wins face-off versus Ryan Carpenter in Sarnia Sailors zone.
3:10 of 1st period - Tristen Nielsen is hit by Ryan Carpenter.
3:13 of 1st period - Icing by Jesse Puljujarvi.
3:14 of 1st period - Ryan Carpenter wins face-off versus Tristen Nielsen in Sarnia Sailors zone.
4:25 of 1st period - AJ Greer is hit by Jett Woo.
4:53 of 1st period - Jack Rathbone is hit by Kyle Burroughs and loses puck.
5:28 of 1st period - Michael Pezzetta is hit by Philippe Myers and loses puck.
7:04 of 1st period - Marco Scandella is hit by Vasili Podkolzin and loses puck.
7:58 of 1st period - Filip Chytil is hit by Adam Erne and loses puck.
8:07 of 1st period - Slapshot by Jamie Drysdale.
8:07 of 1st period - Stopped by Alex Lyon with a rebound.
9:07 of 1st period - Snap shot by Jesse Puljujarvi.
9:07 of 1st period - Shot Misses the Net.
9:38 of 1st period - Vasili Podkolzin is hit by Tyler Motte and loses puck.
9:57 of 1st period - Tyson Hinds is hit by Darren Helm and loses puck.
10:27 of 1st period - Darren Helm is hit by Cole Reinhardt and loses puck.
11:06 of 1st period - Karl Henriksson is hit by Philippe Myers and loses puck.
11:42 of 1st period - Jett Woo is hit by Donovan Sebrango.
11:43 of 1st period - Icing by Jett Woo.
11:44 of 1st period - Jujhar Khaira wins face-off versus Tristen Nielsen in Sarnia Sailors zone.
11:51 of 1st period - Wrist shot by Jujhar Khaira.
11:51 of 1st period - Goal by Jujhar Khaira - Sarnia Sailors : 0 - Rock Island Raccoons : 1.
11:52 of 1st period - Brad Lambert wins face-off versus Jujhar Khaira in neutral zone.
11:57 of 1st period - Wrist shot by Arthur Kaliyev.
11:57 of 1st period - Stopped by Alex Lyon without a rebound.
11:58 of 1st period - Jujhar Khaira wins face-off versus Vasili Podkolzin in Rock Island Raccoons zone.
11:58 of 1st period - Jujhar Khaira is hit by Brad Lambert.
12:01 of 1st period - Minor Penalty to Kyle Burroughs for Hooking.
12:02 of 1st period - Craig Smith wins face-off versus Brad Lambert in Rock Island Raccoons zone.
12:02 of 1st period - Craig Smith is hit by Brad Lambert.
12:13 of 1st period - Snap shot by Arthur Kaliyev.
12:13 of 1st period - Shot Misses the Net.
12:29 of 1st period - Snap shot by Vasili Podkolzin.
12:29 of 1st period - Shot Misses the Net.
13:45 of 1st period - Tyler Motte is hit by Logan Morrison and loses puck.
14:01 of 1st period - Penalty to Kyle Burroughs is over, Kyle Burroughs is back on ice.
14:13 of 1st period - Wrist shot by Landon Slaggert.
14:13 of 1st period - Shot Blocked by Donovan Sebrango.
14:15 of 1st period - Slapshot by Tyson Hinds.
14:15 of 1st period - Deflect By Landon Slaggert.
14:15 of 1st period - Stopped by Alex Lyon without a rebound.
14:16 of 1st period - Pontus Holmberg wins face-off versus Rory Kerins in Rock Island Raccoons zone.
14:25 of 1st period - Jamie Drysdale is hit by Pontus Holmberg and loses puck.
15:03 of 1st period - Snap shot by Eric Robinson.
15:03 of 1st period - Shot Blocked by Philippe Myers.
15:13 of 1st period - Slapshot by Craig Smith.
15:13 of 1st period - Shot Misses the Net.
15:15 of 1st period - Snap shot by Tyler Motte.
15:15 of 1st period - Stopped by Remi Poirier with a rebound.
16:01 of 1st period - Slapshot by Jesse Puljujarvi.
16:01 of 1st period - Shot Blocked by Michael Pezzetta.
16:05 of 1st period - Snap shot by Jesse Puljujarvi.
16:05 of 1st period - Stopped by Alex Lyon with a rebound.
16:07 of 1st period - Snap shot by Declan Chisholm.
16:07 of 1st period - Shot Blocked by Eric Robinson.
16:09 of 1st period - Wrist shot by Jesse Puljujarvi.
16:09 of 1st period - Stopped by Alex Lyon with a rebound.
16:39 of 1st period - Snap shot by Rory Kerins.
16:39 of 1st period - Stopped by Alex Lyon with a rebound.
16:41 of 1st period - Slapshot by Declan Chisholm.
16:41 of 1st period - Shot Misses the Net.
16:47 of 1st period - Slapshot by Declan Chisholm.
16:47 of 1st period - Stopped by Alex Lyon with a rebound.
17:03 of 1st period - Snap shot by AJ Greer.
17:03 of 1st period - Stopped by Remi Poirier with a rebound.
17:05 of 1st period - Slapshot by Eric Robinson.
17:05 of 1st period - Shot Blocked by Logan Morrison.
17:07 of 1st period - Wrist shot by Pontus Holmberg.
17:07 of 1st period - Shot Misses the Net.
17:41 of 1st period - Off-side.
17:42 of 1st period - Brad Lambert wins face-off versus Pontus Holmberg in neutral zone.
17:45 of 1st period - Marco Scandella is hit by Brad Lambert and loses puck.
18:03 of 1st period - Marco Scandella is hit by Philippe Myers and loses puck.
18:16 of 1st period - Wrist shot by AJ Greer.
18:16 of 1st period - Deflect By Darren Helm.
18:16 of 1st period - Shot Misses the Net.
18:16 of 1st period - Puck is out of play.
18:17 of 1st period - Tristen Nielsen wins face-off versus Jujhar Khaira in Sarnia Sailors zone.
18:44 of 1st period - Lucas Edmonds is hit by Michael Pezzetta and loses puck.
19:19 of 1st period - Snap shot by Brad Lambert.
19:19 of 1st period - Stopped by Alex Lyon without a rebound.
19:20 of 1st period - Karl Henriksson wins face-off versus Brad Lambert in Rock Island Raccoons zone.
19:33 of 1st period - Snap shot by Arthur Kaliyev.
19:33 of 1st period - Shot Misses the Net.
19:35 of 1st period - Slapshot by Jamie Drysdale.
19:35 of 1st period - Stopped by Alex Lyon with a rebound.
19:45 of 1st period - Justin Schultz is hit by Samuel Walker.
19:53 of 1st period - Snap shot by Michael Pezzetta.
19:53 of 1st period - Stopped by Remi Poirier with a rebound.
19:55 of 1st period - Snap shot by Marco Scandella.
19:55 of 1st period - Stopped by Remi Poirier with a rebound.
Goals for this period are 0 for Sarnia Sailors vs 1 for Rock Island Raccoons.
Shots for this period are 10 for Sarnia Sailors vs 10 for Rock Island Raccoons.
2nd period
0:01 of 2nd period - Jujhar Khaira wins face-off versus Brad Lambert in neutral zone.
0:08 of 2nd period - Snap shot by Jamie Drysdale.
0:08 of 2nd period - Stopped by Alex Lyon with a rebound.
0:12 of 2nd period - Snap shot by Arthur Kaliyev.
0:12 of 2nd period - Goal by Arthur Kaliyev - Sarnia Sailors : 1 - Rock Island Raccoons : 1.
0:13 of 2nd period - Jujhar Khaira wins face-off versus Brad Lambert in neutral zone.
0:16 of 2nd period - Wrist shot by Tyler Motte.
0:16 of 2nd period - Shot Blocked by Vasili Podkolzin.
0:39 of 2nd period - Minor Penalty to Jujhar Khaira for High sticking.
0:40 of 2nd period - AJ Greer wins face-off versus Brad Lambert in Rock Island Raccoons zone.
0:49 of 2nd period - Samuel Walker is hit by Craig Smith and loses puck.
0:57 of 2nd period - Off-side.
0:58 of 2nd period - AJ Greer wins face-off versus Logan Morrison in neutral zone.
1:13 of 2nd period - Slapshot by Declan Chisholm.
1:13 of 2nd period - Shot Blocked by Kyle Burroughs.
1:23 of 2nd period - Erik Gustafsson is hit by Samuel Walker and loses puck.
2:39 of 2nd period - Penalty to Jujhar Khaira is over, Jujhar Khaira is back on ice.
2:41 of 2nd period - Wrist shot by Craig Smith.
2:41 of 2nd period - Shot Misses the Net.
2:55 of 2nd period - Kyle Burroughs is hit by Rory Kerins and loses puck.
3:03 of 2nd period - Icing by Filip Chytil.
3:04 of 2nd period - Logan Morrison wins face-off versus Karl Henriksson in Rock Island Raccoons zone.
3:05 of 2nd period - Wrist shot by Adam Erne.
3:05 of 2nd period - Stopped by Alex Lyon with a rebound.
4:34 of 2nd period - Snap shot by Eric Robinson.
4:34 of 2nd period - Shot Misses the Net.
4:36 of 2nd period - Slapshot by Filip Chytil.
4:36 of 2nd period - Goal by Filip Chytil - Sarnia Sailors : 1 - Rock Island Raccoons : 2.
4:37 of 2nd period - AJ Greer wins face-off versus Brad Lambert in neutral zone.
4:45 of 2nd period - Arthur Kaliyev is hit by AJ Greer and loses puck.
5:13 of 2nd period - Snap shot by Samuel Walker.
5:13 of 2nd period - Stopped by Alex Lyon without a rebound.
5:14 of 2nd period - Brad Lambert wins face-off versus Ryan Carpenter in Rock Island Raccoons zone.
5:17 of 2nd period - Slapshot by Arthur Kaliyev.
5:17 of 2nd period - Shot Hit the Post.
5:47 of 2nd period - Slapshot by Jesse Puljujarvi.
5:47 of 2nd period - Stopped by Alex Lyon with a rebound.
6:21 of 2nd period - Jamie Drysdale is hit by Michael Pezzetta and loses puck.
6:26 of 2nd period - Wrist shot by Michael Pezzetta.
6:26 of 2nd period - Rock Island Raccoons goal is going for a video replay.
6:26 of 2nd period - The goal is refused. The puck has been directed, batted or thrown into the net by an attacking player other than with a stick..
6:27 of 2nd period - Jujhar Khaira wins face-off versus Brad Lambert in Sarnia Sailors zone.
6:32 of 2nd period - Wrist shot by Tyler Motte.
6:32 of 2nd period - Deflect By Jujhar Khaira.
6:32 of 2nd period - Shot Blocked by Brad Lambert.
6:32 of 2nd period - Puck is out of play.
6:33 of 2nd period - Brad Lambert wins face-off versus Jujhar Khaira in Sarnia Sailors zone.
7:32 of 2nd period - Wrist shot by Craig Smith.
7:32 of 2nd period - Shot Misses the Net.
8:05 of 2nd period - Minor Penalty to Arthur Kaliyev for High sticking.
8:06 of 2nd period - Ryan Carpenter wins face-off versus Logan Morrison in Sarnia Sailors zone.
8:10 of 2nd period - Snap shot by Ryan Carpenter.
8:10 of 2nd period - Stopped by Remi Poirier with a rebound.
8:12 of 2nd period - Wrist shot by Michael Pezzetta.
8:12 of 2nd period - Goal by Michael Pezzetta - Sarnia Sailors : 1 - Rock Island Raccoons : 3.
8:13 of 2nd period - Jujhar Khaira wins face-off versus Brad Lambert in neutral zone.
8:18 of 2nd period - Slapshot by Erik Gustafsson.
8:18 of 2nd period - Shot Misses the Net.
8:20 of 2nd period - Slapshot by Erik Gustafsson.
8:20 of 2nd period - Stopped by Remi Poirier without a rebound.
8:21 of 2nd period - Brad Lambert wins face-off versus Jujhar Khaira in Sarnia Sailors zone.
8:46 of 2nd period - Slapshot by Declan Chisholm.
8:46 of 2nd period - Shot Blocked by Erik Gustafsson.
8:52 of 2nd period - Snap shot by Phillip Di Giuseppe.
8:52 of 2nd period - Stopped by Remi Poirier with a rebound.
8:54 of 2nd period - Snap shot by Kyle Burroughs.
8:54 of 2nd period - Stopped by Remi Poirier with a rebound.
8:56 of 2nd period - Snap shot by Phillip Di Giuseppe.
8:56 of 2nd period - Shot Misses the Net.
9:06 of 2nd period - Wrist shot by Jamie Drysdale.
9:06 of 2nd period - Stopped by Alex Lyon with a rebound.
9:08 of 2nd period - Wrist shot by Cole Reinhardt.
9:08 of 2nd period - Stopped by Alex Lyon with a rebound.
9:10 of 2nd period - Snap shot by Logan Morrison.
9:10 of 2nd period - Stopped by Alex Lyon without a rebound.
9:11 of 2nd period - Logan Morrison wins face-off versus Pontus Holmberg in Rock Island Raccoons zone.
9:14 of 2nd period - Snap shot by Adam Erne.
9:14 of 2nd period - Shot Misses the Net.
9:36 of 2nd period - Michael Pezzetta is hit by Arthur Kaliyev and loses puck.
9:43 of 2nd period - Snap shot by Arthur Kaliyev.
9:43 of 2nd period - Stopped by Alex Lyon with a rebound.
9:45 of 2nd period - Snap shot by Vasili Podkolzin.
9:45 of 2nd period - Shot Misses the Net.
9:47 of 2nd period - Wrist shot by Vasili Podkolzin.
9:47 of 2nd period - Deflect By Arthur Kaliyev.
9:47 of 2nd period - Stopped by Alex Lyon without a rebound.
9:48 of 2nd period - Tristen Nielsen wins face-off versus Jujhar Khaira in Rock Island Raccoons zone.
9:51 of 2nd period - Wrist shot by Jesse Puljujarvi.
9:51 of 2nd period - Shot Blocked by Kyle Burroughs.
10:03 of 2nd period - Snap shot by Jujhar Khaira.
10:03 of 2nd period - Stopped by Remi Poirier with a rebound.
10:24 of 2nd period - Wrist shot by AJ Greer.
10:24 of 2nd period - Shot Blocked by Tristen Nielsen.
10:35 of 2nd period - Minor Penalty to Phillip Di Giuseppe for Hooking.
10:36 of 2nd period - Brad Lambert wins face-off versus Craig Smith in Rock Island Raccoons zone.
10:45 of 2nd period - Slapshot by Samuel Walker.
10:45 of 2nd period - Goal by Samuel Walker - Sarnia Sailors : 2 - Rock Island Raccoons : 3.
10:46 of 2nd period - Tyler Motte wins face-off versus Brad Lambert in neutral zone.
10:54 of 2nd period - Minor Penalty to Vasili Podkolzin for Holding.
10:55 of 2nd period - Jujhar Khaira wins face-off versus Logan Morrison in Sarnia Sailors zone.
11:01 of 2nd period - Snap shot by Tyler Motte.
11:01 of 2nd period - Shot Misses the Net.
12:11 of 2nd period - Slapshot by Jamie Drysdale.
12:11 of 2nd period - Shot Blocked by Jujhar Khaira.
12:37 of 2nd period - Phillip Di Giuseppe is hit by Tristen Nielsen and loses puck.
12:54 of 2nd period - Penalty to Vasili Podkolzin is over, Vasili Podkolzin is back on ice.
13:02 of 2nd period - Wrist shot by Darren Helm.
13:02 of 2nd period - Stopped by Remi Poirier with a rebound.
13:06 of 2nd period - Snap shot by Darren Helm.
13:06 of 2nd period - Shot Misses the Net.
13:08 of 2nd period - Wrist shot by Darren Helm.
13:08 of 2nd period - Shot Blocked by Jack Rathbone.
13:10 of 2nd period - Slapshot by Donovan Sebrango.
13:10 of 2nd period - Stopped by Remi Poirier with a rebound.
13:20 of 2nd period - Craig Smith is hit by Samuel Walker.
13:45 of 2nd period - Landon Slaggert is hit by Marco Scandella and loses puck.
14:07 of 2nd period - Craig Smith is hit by Philippe Myers and loses puck.
15:06 of 2nd period - Eric Robinson is hit by Philippe Myers and loses puck.
15:31 of 2nd period - Minor Penalty to Jett Woo for Roughing.
15:32 of 2nd period - Logan Morrison wins face-off versus Ryan Carpenter in Sarnia Sailors zone.
15:42 of 2nd period - Slapshot by Erik Gustafsson.
15:42 of 2nd period - Stopped by Remi Poirier without a rebound.
15:43 of 2nd period - Jujhar Khaira wins face-off versus Logan Morrison in Sarnia Sailors zone.
15:44 of 2nd period - Snap shot by Craig Smith.
15:44 of 2nd period - Shot Misses the Net.
15:46 of 2nd period - Snap shot by Justin Schultz.
15:46 of 2nd period - Stopped by Remi Poirier without a rebound.
15:47 of 2nd period - Logan Morrison wins face-off versus Jujhar Khaira in Sarnia Sailors zone.
15:56 of 2nd period - Slapshot by Justin Schultz.
15:56 of 2nd period - Stopped by Remi Poirier with a rebound.
16:12 of 2nd period - Slapshot by Justin Schultz.
16:12 of 2nd period - Deflect By Craig Smith.
16:12 of 2nd period - Goal by Craig Smith - Sarnia Sailors : 2 - Rock Island Raccoons : 4.
16:13 of 2nd period - Brad Lambert wins face-off versus Ryan Carpenter in neutral zone.
16:18 of 2nd period - Slapshot by Jamie Drysdale.
16:18 of 2nd period - Shot Misses the Net.
16:20 of 2nd period - Wrist shot by Brad Lambert.
16:20 of 2nd period - Sarnia Sailors goal is going for a video replay.
16:20 of 2nd period - The goal is good.
16:20 of 2nd period - Goal by Brad Lambert - Sarnia Sailors : 3 - Rock Island Raccoons : 4.
16:21 of 2nd period - Brad Lambert wins face-off versus Ryan Carpenter in neutral zone.
16:35 of 2nd period - Off-side.
16:36 of 2nd period - Jujhar Khaira wins face-off versus Tristen Nielsen in neutral zone.
17:25 of 2nd period - Snap shot by Logan Morrison.
17:25 of 2nd period - Shot Misses the Net.
17:27 of 2nd period - Slapshot by Jamie Drysdale.
17:27 of 2nd period - Shot Blocked by Darren Helm.
17:29 of 2nd period - Snap shot by Jamie Drysdale.
17:29 of 2nd period - Stopped by Alex Lyon with a rebound.
17:31 of 2nd period - Slapshot by Cole Reinhardt.
17:31 of 2nd period - Shot Misses the Net.
17:48 of 2nd period - Snap shot by Rory Kerins.
17:48 of 2nd period - Shot Misses the Net.
18:02 of 2nd period - Ryan Carpenter is hit by Jett Woo and loses puck.
18:23 of 2nd period - Slapshot by Erik Gustafsson.
18:23 of 2nd period - Deflect By Craig Smith.
18:23 of 2nd period - Shot Blocked by Vasili Podkolzin.
18:23 of 2nd period - Puck is out of play.
18:24 of 2nd period - Tyler Motte wins face-off versus Arthur Kaliyev in Sarnia Sailors zone.
18:47 of 2nd period - Snap shot by Jesse Puljujarvi.
18:47 of 2nd period - Shot Misses the Net.
18:53 of 2nd period - Wrist shot by Jesse Puljujarvi.
18:53 of 2nd period - Shot Hit the Post.
18:55 of 2nd period - Snap shot by Philippe Myers.
18:55 of 2nd period - Deflect By Ryan Carpenter.
18:55 of 2nd period - Stopped by Alex Lyon with a rebound.
18:57 of 2nd period - Snap shot by Samuel Walker.
18:57 of 2nd period - Deflect By Michael Pezzetta.
18:57 of 2nd period - Stopped by Alex Lyon with a rebound.
19:09 of 2nd period - Wrist shot by Landon Slaggert.
19:09 of 2nd period - Stopped by Alex Lyon with a rebound.
19:19 of 2nd period - Slapshot by Jamie Drysdale.
19:19 of 2nd period - Deflect By Lucas Edmonds.
19:19 of 2nd period - Shot Misses the Net.
19:19 of 2nd period - Puck is out of play.
19:20 of 2nd period - Brad Lambert wins face-off versus Pontus Holmberg in Rock Island Raccoons zone.
19:21 of 2nd period - Slapshot by Jamie Drysdale.
19:21 of 2nd period - Shot Misses the Net.
19:23 of 2nd period - Minor Penalty to Kyle Burroughs for Cross-checking.
19:24 of 2nd period - Craig Smith wins face-off versus Brad Lambert in Rock Island Raccoons zone.
19:35 of 2nd period - Snap shot by Jujhar Khaira.
19:35 of 2nd period - Shot Misses the Net.
19:37 of 2nd period - Slapshot by Marco Scandella.
19:37 of 2nd period - Stopped by Remi Poirier with a rebound.
19:39 of 2nd period - Slapshot by Marco Scandella.
19:39 of 2nd period - Shot Misses the Net.
Goals for this period are 3 for Sarnia Sailors vs 3 for Rock Island Raccoons.
Shots for this period are 16 for Sarnia Sailors vs 15 for Rock Island Raccoons.
3rd period
0:01 of 3rd period - Jujhar Khaira wins face-off versus Brad Lambert in neutral zone.
0:06 of 3rd period - Snap shot by Ryan Carpenter.
0:06 of 3rd period - Shot Blocked by Declan Chisholm.
0:08 of 3rd period - Wrist shot by Ryan Carpenter.
0:08 of 3rd period - Goal by Ryan Carpenter - Sarnia Sailors : 3 - Rock Island Raccoons : 5.
0:09 of 3rd period - Brad Lambert wins face-off versus Craig Smith in neutral zone.
0:18 of 3rd period - Snap shot by Arthur Kaliyev.
0:18 of 3rd period - Stopped by Alex Lyon with a rebound.
0:38 of 3rd period - Justin Schultz is hit by Jamie Drysdale and loses puck.
1:23 of 3rd period - Penalty to Kyle Burroughs is over, Kyle Burroughs is back on ice.
1:34 of 3rd period - Off-side.
1:35 of 3rd period - Pontus Holmberg wins face-off versus Landon Slaggert in neutral zone.
1:44 of 3rd period - Slapshot by Rory Kerins.
1:44 of 3rd period - Stopped by Alex Lyon without a rebound.
1:45 of 3rd period - Brad Lambert wins face-off versus Pontus Holmberg in Rock Island Raccoons zone.
1:56 of 3rd period - Darren Helm is hit by Vasili Podkolzin and loses puck.
2:11 of 3rd period - Snap shot by Craig Smith.
2:11 of 3rd period - Shot Blocked by Samuel Walker.
2:37 of 3rd period - Snap shot by Phillip Di Giuseppe.
2:37 of 3rd period - Shot Blocked by Samuel Walker.
2:39 of 3rd period - Snap shot by Michael Pezzetta.
2:39 of 3rd period - Stopped by Remi Poirier with a rebound.
2:41 of 3rd period - Wrist shot by Phillip Di Giuseppe.
2:41 of 3rd period - Deflect By Michael Pezzetta.
2:41 of 3rd period - Shot Misses the Net.
2:41 of 3rd period - Puck is out of play.
2:42 of 3rd period - Brad Lambert wins face-off versus Jujhar Khaira in Sarnia Sailors zone.
2:42 of 3rd period - Brad Lambert is hit by Erik Gustafsson.
3:08 of 3rd period - Jett Woo is hit by Phillip Di Giuseppe.
3:16 of 3rd period - Wrist shot by Michael Pezzetta.
3:16 of 3rd period - Stopped by Remi Poirier with a rebound.
3:36 of 3rd period - Tyson Hinds is hit by Pontus Holmberg and loses puck.
4:23 of 3rd period - Snap shot by Arthur Kaliyev.
4:23 of 3rd period - Shot Misses the Net.
5:01 of 3rd period - Snap shot by Jujhar Khaira.
5:01 of 3rd period - Stopped by Remi Poirier with a rebound.
6:01 of 3rd period - Wrist shot by Jujhar Khaira.
6:01 of 3rd period - Shot Blocked by Jett Woo.
6:07 of 3rd period - Tristen Nielsen is hit by Jujhar Khaira and loses puck.
6:23 of 3rd period - Minor Penalty to Michael Pezzetta for Slashing.
6:24 of 3rd period - Brad Lambert wins face-off versus Jujhar Khaira in Rock Island Raccoons zone.
6:28 of 3rd period - Snap shot by Arthur Kaliyev.
6:28 of 3rd period - Deflect By Brad Lambert.
6:28 of 3rd period - Stopped by Alex Lyon without a rebound.
6:29 of 3rd period - Arthur Kaliyev wins face-off versus Jujhar Khaira in Rock Island Raccoons zone.
6:44 of 3rd period - Wrist shot by Samuel Walker.
6:44 of 3rd period - Shot Blocked by Kyle Burroughs.
6:58 of 3rd period - Wrist shot by Tyler Motte.
6:58 of 3rd period - Stopped by Remi Poirier with a rebound.
7:00 of 3rd period - Wrist shot by Craig Smith.
7:00 of 3rd period - Stopped by Remi Poirier with a rebound.
7:10 of 3rd period - Minor Penalty to Jack Rathbone for Roughing.
7:11 of 3rd period - Tyler Motte wins face-off versus Brad Lambert in Sarnia Sailors zone.
7:12 of 3rd period - Snap shot by Craig Smith.
7:12 of 3rd period - Shot Blocked by Arthur Kaliyev.
7:24 of 3rd period - Snap shot by Jujhar Khaira.
7:24 of 3rd period - Shot Blocked by Declan Chisholm.
7:36 of 3rd period - Tyler Motte is hit by Jesse Puljujarvi and loses puck.
7:59 of 3rd period - Snap shot by Ryan Carpenter.
7:59 of 3rd period - Stopped by Remi Poirier with a rebound.
8:01 of 3rd period - Snap shot by Ryan Carpenter.
8:01 of 3rd period - Stopped by Remi Poirier without a rebound.
8:02 of 3rd period - Brad Lambert wins face-off versus Jujhar Khaira in Sarnia Sailors zone.
8:23 of 3rd period - Penalty to Michael Pezzetta is over, Michael Pezzetta is back on ice.
8:39 of 3rd period - Wrist shot by Craig Smith.
8:39 of 3rd period - Stopped by Remi Poirier without a rebound.
8:40 of 3rd period - Ryan Carpenter wins face-off versus Logan Morrison in Sarnia Sailors zone.
8:45 of 3rd period - Wrist shot by Ryan Carpenter.
8:45 of 3rd period - Shot Misses the Net.
9:10 of 3rd period - Penalty to Jack Rathbone is over, Jack Rathbone is back on ice.
9:44 of 3rd period - Snap shot by Jujhar Khaira.
9:44 of 3rd period - Shot Misses the Net.
9:46 of 3rd period - Slapshot by Craig Smith.
9:46 of 3rd period - Shot Blocked by Brad Lambert.
9:48 of 3rd period - Wrist shot by Jujhar Khaira.
9:48 of 3rd period - Stopped by Remi Poirier without a rebound.
9:49 of 3rd period - Karl Henriksson wins face-off versus Tristen Nielsen in Sarnia Sailors zone.
10:11 of 3rd period - Minor Penalty to Kyle Burroughs for Tripping.
10:12 of 3rd period - Brad Lambert wins face-off versus Craig Smith in Rock Island Raccoons zone.
10:43 of 3rd period - Snap shot by Jesse Puljujarvi.
10:43 of 3rd period - Stopped by Alex Lyon without a rebound.
10:44 of 3rd period - Vasili Podkolzin wins face-off versus Craig Smith in Rock Island Raccoons zone.
10:47 of 3rd period - Wrist shot by Logan Morrison.
10:47 of 3rd period - Goal by Logan Morrison - Sarnia Sailors : 4 - Rock Island Raccoons : 5.
10:48 of 3rd period - Jujhar Khaira wins face-off versus Brad Lambert in neutral zone.
10:56 of 3rd period - Minor Penalty to Declan Chisholm for Holding.
10:57 of 3rd period - Tyler Motte wins face-off versus Logan Morrison in Sarnia Sailors zone.
11:23 of 3rd period - Minor Penalty to Michael Pezzetta for High sticking.
11:24 of 3rd period - Jujhar Khaira wins face-off versus Brad Lambert in Rock Island Raccoons zone.
11:29 of 3rd period - Arthur Kaliyev is hit by Ryan Carpenter and loses puck.
11:55 of 3rd period - Wrist shot by Tyler Motte.
11:55 of 3rd period - Stopped by Remi Poirier with a rebound.
12:17 of 3rd period - Craig Smith is hit by Logan Morrison and loses puck.
12:52 of 3rd period - Tristen Nielsen is hit by Ryan Carpenter and loses puck.
12:56 of 3rd period - Penalty to Declan Chisholm is over, Declan Chisholm is back on ice.
13:23 of 3rd period - Penalty to Michael Pezzetta is over, Michael Pezzetta is back on ice.
13:33 of 3rd period - Wrist shot by Ryan Carpenter.
13:33 of 3rd period - Stopped by Remi Poirier with a rebound.
13:35 of 3rd period - Wrist shot by Ryan Carpenter.
13:35 of 3rd period - Stopped by Remi Poirier with a rebound.
13:45 of 3rd period - Slapshot by Michael Pezzetta.
13:45 of 3rd period - Stopped by Remi Poirier with a rebound.
13:47 of 3rd period - Wrist shot by Kyle Burroughs.
13:47 of 3rd period - Shot Blocked by Jack Rathbone.
13:49 of 3rd period - Snap shot by Michael Pezzetta.
13:49 of 3rd period - Shot Misses the Net.
13:51 of 3rd period - Wrist shot by Michael Pezzetta.
13:51 of 3rd period - Shot Misses the Net.
14:35 of 3rd period - Slapshot by Ryan Carpenter.
14:35 of 3rd period - Shot Misses the Net.
14:37 of 3rd period - Wrist shot by Michael Pezzetta.
14:37 of 3rd period - Stopped by Remi Poirier with a rebound.
14:39 of 3rd period - Snap shot by Jujhar Khaira.
14:39 of 3rd period - Stopped by Remi Poirier with a rebound.
14:41 of 3rd period - Slapshot by Kyle Burroughs.
14:41 of 3rd period - Shot Blocked by Jett Woo.
14:43 of 3rd period - Slapshot by Erik Gustafsson.
14:43 of 3rd period - Stopped by Remi Poirier with a rebound.
14:49 of 3rd period - Snap shot by Michael Pezzetta.
14:49 of 3rd period - Shot Hit the Post.
14:51 of 3rd period - Slapshot by Kyle Burroughs.
14:51 of 3rd period - Shot Blocked by Jett Woo.
14:53 of 3rd period - Snap shot by Michael Pezzetta.
14:53 of 3rd period - Stopped by Remi Poirier without a rebound.
14:54 of 3rd period - Pontus Holmberg wins face-off versus Brad Lambert in Sarnia Sailors zone.
15:05 of 3rd period - Wrist shot by Arthur Kaliyev.
15:05 of 3rd period - Stopped by Alex Lyon with a rebound.
15:08 of 3rd period - Icing by Pontus Holmberg.
15:09 of 3rd period - Brad Lambert wins face-off versus Pontus Holmberg in Rock Island Raccoons zone.
15:11 of 3rd period - Minor Penalty to Declan Chisholm for Goalie Interference.
15:12 of 3rd period - Filip Chytil wins face-off versus Logan Morrison in Sarnia Sailors zone.
17:11 of 3rd period - Penalty to Declan Chisholm is over, Declan Chisholm is back on ice.
17:38 of 3rd period - Justin Schultz is hit by Philippe Myers and loses puck.
18:30 of 3rd period - Off-side.
18:31 of 3rd period - Logan Morrison wins face-off versus Michael Pezzetta in neutral zone.
18:34 of 3rd period - Sarnia Sailors, Remi Poirier is pulled from the net.
19:13 of 3rd period - Slapshot by Declan Chisholm.
19:13 of 3rd period - Stopped by Alex Lyon without a rebound.
19:14 of 3rd period - Kris Knoblauch call a timeout for Sarnia Sailors.
19:14 of 3rd period - Filip Chytil wins face-off versus Brad Lambert in Rock Island Raccoons zone.
19:55 of 3rd period - Icing by Erik Gustafsson.
19:56 of 3rd period - Brad Lambert wins face-off versus Filip Chytil in Rock Island Raccoons zone.
Goals for this period are 1 for Sarnia Sailors vs 1 for Rock Island Raccoons.
Shots for this period are 7 for Sarnia Sailors vs 18 for Rock Island Raccoons.
Back to the Top